AoeStats
← DAN13L

Arena

510031039Analyzed
3v3 RM · 4d ago on Sep 29, 2026· 42m 25s· 6 players
Game mode
Random Map
Map size
Normal (6 player)
Population
200
Speed
Normal
Resources
Standard
Victory
Conquest
Starting age
Dark Age
Ending age
Imperial Age
RankedLock teamsTeams togetherTeam positionsShared explorationLock speedFull tech treeHidden civsTurbo modeCheats
Victory
Defeat
🇲🇽 Bulgarians · Mexico
1051
+12
🇲🇽 Wei · Mexico
1044
+12
🇦🇷 Persians · Argentina
1044
+12
🇺🇸 Aztecs · United States
1013
-14
🇦🇺 Poles · Australia
942
-11
🇨🇱 Inca · Chile
935
-11
DanTheMan
11:11 Feudal Age
16:28 Castle Age
14:48 Double-Bit Axe
16:17 Gold Mining
16:10 Horse Collar
16:20 Man-at-Arms
17:23 Heavy Plow
17:23 Gambesons
18:42 Loom
19:38 Forging
19:50 Pikeman
21:15 Squires
21:58 Scale Mail Armor
22:00 Long Swordsman
22:37 Eagle Warrior
23:43 Chain Mail Armor
25:33 Wheelbarrow
25:52 Iron Casting
27:47 Bow Saw
27:38 Stone Mining
28:43 Hand Cart
29:41 Stone Shaft Mining
31:12 Sanctity
30:47 Town Watch
33:41 Imperial Age
31:35 Fortified Wall
32:19 Gold Shaft Mining
32:49 Treadmill Crane
34:10 Fletching
35:23 Chemistry
34:47 Garland Wars
34:48 Conscription
34:08 Two-Handed Swordsman
34:17 Elite Skirmisher
35:16 Champion
37:21 Blast Furnace
38:26 Block Printing
38:50 Theocracy
37:45 Elite Jaguar Warrior
39:40 Siege Engineers
Mitik0
12:22 Feudal Age
13:04 Horse Collar
13:10 Double-Bit Axe
19:15 Castle Age
18:20 Gold Mining
18:21 Stone Mining
20:20 Heavy Plow
20:31 Bow Saw
20:57 Gold Shaft Mining
20:58 Stone Shaft Mining
23:53 Forging
23:44 Scale Mail Armor
27:36 Pikeman
28:17 Squires
28:05 Arson
28:32 Loom
29:24 Wheelbarrow
28:34 Town Watch
29:27 Ballistics
29:08 Fletching
29:19 Padded Archer Armor
32:11 Champi Runner
34:43 Andean Sling
35:03 Hand Cart
34:50 Town Patrol
37:23 Thumb Ring
Debra
10:56 Feudal Age
9:28 Loom
11:41 Double-Bit Axe
11:38 Horse Collar
17:31 Castle Age
19:29 Pikeman
20:10 Squires
32:58 Bow Saw
33:42 Heavy Plow
34:56 Wheelbarrow
34:08 Town Watch
Heis
4:33 Loom
11:43 Feudal Age
15:16 Castle Age
14:04 Loom
17:18 Double-Bit Axe
18:36 Wheelbarrow
19:53 Fletching
23:26 Scale Mail Armor
24:40 Forging
29:12 Gold Mining
29:24 Town Watch
31:27 Hand Cart
31:37 Horse Collar
32:27 Bow Saw
32:41 Heavy Plow
33:21 Scale Barding Armor
38:25 Imperial Age
36:26 Bodkin Arrow
36:31 Padded Archer Armor
37:44 Gold Shaft Mining
37:51 Leather Archer Armor
37:56 Thumb Ring
39:39 Parthian Tactics
40:59 Ballistics
41:19 Bracer
43:35 Chemistry
DAN13L
10:46 Feudal Age
14:32 Castle Age
15:25 Double-Bit Axe
17:12 Loom
19:39 Horse Collar
22:43 Wheelbarrow
22:40 Bow Saw
23:10 Bloodlines
24:13 Husbandry
25:14 Forging
26:31 Gold Mining
27:27 Tuntian
27:16 Town Watch
28:37 Hand Cart
27:56 Light Cavalry
28:28 Fletching
32:44 Imperial Age
31:14 Murder Holes
32:00 Iron Casting
32:10 Heavy Plow
32:48 Gold Shaft Mining
32:18 Padded Archer Armor
33:20 Ballistics
33:07 Bodkin Arrow
33:33 Thumb Ring
33:44 Bracer
35:21 Blast Furnace
33:53 Capped Ram
35:11 Scale Barding Armor
36:15 Chemistry
36:34 Chain Barding Armor
35:37 Heavy Hei Guang Cavalry
37:23 Fortified Wall
37:45 Conscription
37:55 Parthian Tactics
38:02 Crop Rotation
38:58 Stone Mining
39:19 Masonry
39:49 Leather Archer Armor
41:05 Scale Mail Armor
40:49 Treadmill Crane
41:15 Hussar
41:51 Crossbowman
43:02 Caravan
3ms
7:16 Loom
9:33 Feudal Age
9:54 Double-Bit Axe
9:53 Horse Collar
16:22 Castle Age
17:31 Wheelbarrow
18:27 Fervor
20:16 Hand Cart
20:57 Town Watch
25:51 Fletching
26:02 Padded Archer Armor
26:13 Forging
26:09 Scale Barding Armor
26:17 Kamandaran
27:07 Stone Mining
27:40 Bodkin Arrow
28:01 Leather Archer Armor
28:43 Bow Saw
28:39 Heavy Plow
28:26 Crossbowman
30:02 Stone Shaft Mining
34:19 Imperial Age
32:43 Iron Casting
33:27 Ballistics
33:57 Town Patrol
34:14 Masonry
33:59 Gold Mining
34:12 Scale Mail Armor
34:33 Chain Barding Armor
35:56 Bloodlines
35:49 Husbandry
35:11 Light Cavalry
35:13 Cavalier
38:18 Ring Archer Armor
38:48 Blast Furnace
38:24 Plate Barding Armor
38:05 Chain Mail Armor
38:53 Chemistry
38:25 Architecture
37:51 Murder Holes
39:01 Savar
Connection lost

Rejoining the realm…

Still unreachable

The connection could not be restored.

Session expired

The server has moved on; the page needs a fresh start.